 Dungeon Crawl Stone Soup version 0.29.1-15-g9cfb28693d (webtiles) character file.

Game seed: 3379583463105932733

24 Eitelfritz the Slasher (level 2, 0/25 HPs)
             Began as a Minotaur Gladiator on Apr 8, 2023.
             Slain by a goblin
             ... wielding a +2 dagger of venom
             ... led by Robin
              (4 damage)
             ... on level 1 of the Dungeon.
             The game lasted 00:01:12 (1018 turns).

Eitelfritz the Slasher (Minotaur Gladiator)         Turns: 1018, Time: 00:01:12

Health: 0/25       AC:  3    Str: 18    XL:     2   Next: 79%
Magic:  1/1        EV: 12    Int:  5    God:
Gold:   79         SH:  0    Dex: 11    Spells: 1/1 levels left

rFire   . . .      SeeInvis .   a - +0 long sword
rCold   . . .      Faith    .   (no shield)
rNeg    . . .      Spirit   .   b - +0 leather armour
rPois   .          Reflect  .   c - +0 hat
rElec   .          Harm     .   (no cloak)
rCorr   .          Rampage  .   (no gloves)
Will    .....                   (no boots)
Stlth   +.........              (no amulet)
HPRegen 0.08/turn               (no ring)
MPRegen 0.07/turn               (no ring)

@: no status effects
A: horns 2, retaliatory headbutt
a: no special abilities


You were on level 1 of the Dungeon.
You visited 1 branch of the dungeon, and saw 2 of its levels.

You collected 79 gold pieces.

Inventory:

Hand Weapons
 a - a +0 long sword (weapon)
Missiles
 d - 3 throwing nets (quivered)
 e - a javelin
Armour
 b - a +0 leather armour (worn)
 c - a +0 hat (worn)
 h - a +0 kite shield
Scrolls
 f - a scroll of identify {unknown}
 g - a scroll of blinking {unknown}
 k - a scroll of immolation {unknown}
 m - a scroll of enchant armour {unknown}
Potions
 j - a potion of might {unknown}
 l - a potion of attraction {unknown}


   Skills:
 + Level 2.6 Fighting
 + Level 4.0 Long Blades
 + Level 2.1 Throwing
 + Level 0.2 Armour
 + Level 3.9 Dodging


You had one spell level left.
You didn't know any spells.
Your spell library contained the following spells:

 Spells                   Type           Power      Damage    Failure   Level
 Necrotise                Necr           0%         1d4       54%         1
 Vampiric Draining        Necr           0%         2d6       88%         3
 Agony                    Necr           0%         N/A       100%        5


Dungeon Overview and Level Annotations

Branches:
Dungeon (2/15)

Altars:

Annotations:
D:2 Robin


Innate Abilities, Weirdness & Mutations

You have a pair of horns on your head.
You reflexively headbutt those who attack you in melee.


Message History

You kill the goblin!
Things that are here:
a +0 club; a goblin corpse
There is a stone staircase leading down here.
Things that are here:
a +0 dagger; a goblin corpse You climb downwards.
The goblin shouts!
Robin of the Strong Arm comes into view.
They are wielding a +0 mace.
The goblin hits you with a +2 dagger of venom.
You are poisoned.
A hobgoblin comes into view.
Robin throws the goblin at you!
The goblin hits you with a +2 dagger of venom.
You are more poisoned.
The goblin shouts!
There is a stone staircase leading up here.
* * * LOW HITPOINT WARNING * * *
You feel very sick.
The goblin hits you but does no damage. x2
You climb upwards.
* * * LOW HITPOINT WARNING * * *
You feel very sick.
There is a stone staircase leading down here.
Things that are here:
a +0 dagger; a goblin corpse It was a potion of curing.
You feel better. The goblin completely misses you.
The goblin hits you with a +0 dagger.
* * * LOW HITPOINT WARNING * * *
You hit the goblin but do no damage. The goblin misses you.
The goblin hits you with a +0 dagger.
* * * LOW HITPOINT WARNING * * *
Unknown command.
You hit the goblin.
You kill the goblin!
The goblin barely misses you. You furiously retaliate!
You headbutt the goblin, but do no damage.
You barely miss the goblin.
The goblin hits you with a +2 dagger of venom.
You die...

####.....## #.# ####'###
.#........# #.# ##......#
.#.#####..###.# ###.......#
.#.........##.# #.........#
.######...÷.#.# #.##......#
..># #.##..#.# ####.##......#
.######.##..#.####....##......#
......#.##....##)g.#####......#
#####.#.###.#..)@### #......#
..# #...# #.#..#)# #......# #.#
##### #.#.##.# #......# #.#
#..÷.#.# #......# #.# ###..#.#
######## #.# #..#.#
#.###########....#
#.............####
###############


You could see a goblin.

Vanquished Creatures
  2 endoplasms (D:1)
  7 goblins
  3 hobgoblins (D:1)
  A kobold (D:1)
  A quokka (D:1)
  A ball python (D:1)
  2 bats (D:1)
  2 frilled lizards (D:1)
  3 rats (D:1)
22 creatures vanquished.

Notes
Turn   | Place    | Note
-------+----------+-------------------------------------------
     0 | D:1      | Eitelfritz the Minotaur Gladiator began the quest for the
                  | Orb.
     0 | D:1      | Reached XP level 1. HP: 18/18 MP: 0/0
   145 | D:1      | Found a faded altar of an unknown god.
   605 | D:1      | Reached XP level 2. HP: 24/25 MP: 1/1
  1005 | D:1      | Reached skill level 4 in Long Blades
  1012 | D:2      | Noticed Robin
  1018 | D:1      | Slain by a goblin

Illustrated notes

Levels and vault maps discovered:
D:1:      psy_arrival_basics, layout_basic, shapermc_ecumenical_altar_venn
D:2:      layout_loops_ring, hangedman_decor_points,
          chequers_serial_rivers_micro_a, kennysheep_jessica_study, uniq_robin

Skill      XL: |  1  2 |
---------------+-------+-----
Long Blades    | 4 |  4.0
Fighting       | |  2.6
Throwing       | |  2.1
Armour         | |  0.2
Dodging        | |  3.9

Action                   || total
-------------------------++-------
Melee: Long sword        ||    41
       Headbutt          ||     7
  Use: Potion            ||     1
Armor: Leather armour    ||    18
Dodge: Dodged            ||    37
